 Dungeon Crawl Stone Soup version 0.21.0-37-g46506fa (webtiles) character file.

6141 Miyamura the Insei (level 10, -8/120 HPs)
             Began as a Demonspawn Monk on Feb 1, 2018.
             Was a Priest of Sif Muna.
             Mangled by Snorg (23 damage)
             ... on level 10 of the Dungeon.
             The game lasted 00:17:39 (11200 turns).

Miyamura the Insei (Demonspawn Monk)               Turns: 11200, Time: 00:17:40

Health: -8/120     AC: 17    Str: 18    XL:     10   Next: 59%
Magic:  18/18      EV: 21    Int: 14    God:    Sif Muna [***...]
Gold:   413        SH:  0    Dex: 20    Spells: 17/19 levels left

rFire    . . .     SeeInvis .     - Unarmed
rCold    + + .     Gourm    .   (no shield)
rNeg     . . .     Faith    .   G - +1 ring mail
rPois    .         Spirit   .   (helmet restricted)
rElec    .         Reflect  .   H - +0 cloak of Xumere {rC+}
rCorr    .         Harm     .   (no gloves)
MR       .....                  g - +2 pair of boots
Stlth    ..........             (no amulet)
HPRegen  0.30/turn              a - ring of protection from cold
MPRegen  0.16/turn              n - +3 ring of protection

@: agile, berserking, very quick
A: horns 1, iridescent scales 2, demonic guardian 2, powered by death 1
a: Divine Energy, Channel Magic, Renounce Religion


You were on level 10 of the Dungeon.
You worshipped Sif Muna.
Sif Muna was most pleased with you.
You were not hungry.

You visited 1 branch of the dungeon, and saw 10 of its levels.

You collected 669 gold pieces.
You spent 256 gold pieces at shops.

Inventory:

Hand Weapons
 v - a +2 scimitar of flaming
Missiles
 A - 5 poisoned tomahawks (quivered)
Armour
 g - a +2 pair of boots (worn)
 G - a +1 ring mail (worn)
 H - the +0 cloak of Xumere (worn) {rC+}
   (You bought it in a shop on level 4 of the Dungeon)

   It protects you from cold.
Jewellery
 a - a ring of protection from cold (left hand)
 n - a +3 ring of protection (right hand)
Wands
 k - a wand of polymorph (8)
 z - a wand of random effects (25)
 B - a wand of iceblast (6)
 E - a wand of flame (53)
Scrolls
 d - 3 scrolls of enchant weapon
 f - 10 scrolls of remove curse
 i - 4 scrolls of blinking
 j - a scroll of enchant armour
 p - 2 scrolls of teleportation
 y - 3 scrolls of amnesia
Potions
 c - 2 potions of mutation
 l - a potion of brilliance
 r - a potion of curing
 u - 2 potions of flight
 w - a potion of magic
 x - a potion of haste
 C - a potion of might {unknown}
 D - 2 potions of heal wounds
Books
 h - a book of Necromancy

   Spells                             Type                      Level
   a - Pain                           Necromancy                   1
   b - Animate Skeleton               Necromancy                   1
   c - Vampiric Draining              Necromancy                   3
   d - Regeneration                   Charms/Necromancy            3
   e - Animate Dead                   Necromancy                   4
   f - Borgnjor's Vile Clutch         Necromancy/Earth             5
 m - a book of Spatial Translocations

   Spells                             Type                      Level
   a - Blink                          Translocation                2
   b - Shroud of Golubria             Charms/Translocation         2
   c - Lesser Beckoning               Translocation                3
   d - Gell's Gravitas                Translocation                3
   e - Teleport Other                 Translocation                3
   f - Passage of Golubria            Translocation                4
 o - a book of Minor Magic

   Spells                             Type                      Level
   a - Magic Dart                     Conjuration                  1
   b - Blink                          Translocation                2
   c - Call Imp                       Summoning                    2
   d - Slow                           Hexes                        2
   e - Conjure Flame                  Conjuration/Fire             3
   f - Mephitic Cloud                 Conjuration/Poison/Air       3
Miscellaneous
 q - a sack of spiders
Comestibles
 b - 14 rations
 s - 19 chunks of flesh


   Skills:
 + Level 7.7 Fighting
 + Level 7.1 Dodging
 + Level 7.3 Stealth
 + Level 7.8 Unarmed Combat
 + Level 5.4 Spellcasting
 + Level 2.2 Translocations


You had 17 spell levels left.
You knew the following spells:

 Your Spells              Type           Power        Failure   Level  Hunger
b - Blink                 Tloc           N/A          19%         2    ##.....


Dungeon Overview and Level Annotations

Branches:
Dungeon (10/15)            Temple (0/1) D:4            Lair (0/6) D:8
    Orc (0/2) D:10

Altars:
Ashenzari
Elyvilon
Gozag
Hepliaklqana
Kikubaaqudgha
Okawaru
Qazlal
Sif Muna
Trog
Vehumet
Wu Jian
Xom
Yredelemnul
Zin

Shops:
D:4 [   D:6 (}?[:

Annotations:
D:10 Snorg


Innate Abilities, Weirdness & Mutations

You have a pair of small horns on your head.
You are mostly covered in iridescent scales. (AC +4)
A demonic guardian rushes to your aid.
You regenerate a little health from kills.


Message History

You feel yourself moving faster!
You feel mighty! Snorg closely misses you. Snorg misses you. Snorg claws you!
Your smoke demon hits Snorg!
Your smoke demon closely misses Snorg.
Your smoke demon completely misses Snorg.
Your ring mail prevents you from hitting Snorg.
You headbutt Snorg!
Snorg is moderately wounded.
Snorg misses you. x3; Your smoke demon barely misses Snorg.
Your smoke demon hits Snorg. x2
You punch Snorg!
Snorg is moderately wounded.
Snorg bites you!! Snorg completely misses you. Snorg misses you.
You pummel Snorg!! You headbutt Snorg.
Snorg is heavily wounded.
Your smoke demon hits Snorg. x3; Snorg misses you.
Snorg claws you! Snorg closely misses you.
You punch Snorg!
Snorg is severely wounded.
Snorg bites you!!
You die...

#.##..###..##.
.........##.#).##...))..
.........##.###..###)#.#
.........#.....##.#..#..
.........#....#..#.)..#.
.........##........##..# ....#
........>####...###..)#.
....#....####...3.# #.#..##.###.
...............T@.####...>.......
...............##.##.#####..##.#.
...............##.##..#..#.##.##.
...............+..#..##.##..#.#.#
###.....#......#..##.......#.....
.......##.........####......##.##
##..[....#+#+#....###.#).#####.#.
.'.......#...#....#.##....#..#.#.
+#.........##......#.#.#...##....


You could see Snorg (berserk) and a friendly smoke demon.

Vanquished Creatures
  An orc sorcerer (D:7)
  A spriggan (D:7)
  A hungry ghost (D:6)
  A warg (D:10)
  2 water moccasins
  Duvessa (D:7)
  2 phantoms
  An ice beast (D:8)
  An orc warrior (D:10)
  3 ogres
  A wolf (D:8)
  2 centaurs
  2 bullfrogs (D:6)
  A scorpion (D:7)
  Dowan (D:7)
  A howler monkey (D:6)
  A bullfrog zombie (D:5)
  A jelly (D:6)
  A quasit (D:8)
  A centaur skeleton (D:6)
  4 orc priests
  2 hounds
  6 orc wizards
  Crazy Yiuf (D:2)
  A bullfrog skeleton (D:5)
  Ijyb (D:5)
  An iguana (D:6)
  3 worker ants
  A worker ant zombie (D:7)
  14 adders
  A shadow imp (D:7)
  3 oozes
  An adder zombie (D:5)
  3 worms
  2 dart slugs (D:1)
  4 leopard geckos
  38 orcs
  2 ball pythons
  9 bats
  10 giant cockroaches
  12 hobgoblins
  8 jackals
  5 kobolds
  4 quokkas
  6 frilled lizards
  20 goblins
  A jackal zombie (D:5)
  A leopard gecko zombie (D:6)
  A quokka zombie (D:4)
  12 rats
203 creatures vanquished.

Vanquished Creatures (collateral kills)
  Erica (D:9)
  The ghost of Zhenya24pyc the Basher, a novice GrFi of Okawaru (D:8)
  2 wizards (D:7)
  An orc sorcerer (D:7)
  Psyche (D:8)
  The ghost of Miyamura the Insei, a novice DsMo (D:5)
  A centaur skeleton (D:10)
  A troll (D:10)
  Prince Ribbit (D:6)
  The ghost of Amaterasu the Ruffian, an amateur DrTm (D:4)
  Grinder (D:3)
  Sigmund (D:2)
  Grum (D:8)
  Eustachio (D:5)
  Edmund (D:4)
  An orc warrior (D:10)
  A phantom (D:5)
  3 wolves (D:8)
  A bullfrog (D:8)
  A quasit (D:9)
  A hound (D:7)
  2 orc priests
  2 orc wizards (D:4)
  2 iguanas
  An adder (D:2)
  9 orcs
  A hobgoblin (D:2)
  2 kobolds (D:2)
43 creatures vanquished.

Grand Total: 246 creatures vanquished

Notes
Turn   | Place    | Note
-------+----------+-------------------------------------------
     0 | D:1      | Miyamura the Demonspawn Monk began the quest for the Orb.
     0 | D:1      | Reached XP level 1. HP: 18/18 MP: 1/1
   419 | D:1      | Gained mutation: A weak demonic guardian rushes to your aid. [demonic ancestry]
   419 | D:1      | Reached XP level 2. HP: 24/24 MP: 2/2
  1058 | D:2      | Gained mutation: A demonic guardian rushes to your aid. [demonic ancestry]
  1058 | D:2      | Reached XP level 3. HP: 27/29 MP: 3/3
  1200 | D:2      | Noticed Sigmund
  1207 | D:2      | Killed Sigmund
  1207 | D:2      | Gained mutation: You are partially covered in iridescent scales. (AC +2) [demonic ancestry]
  1207 | D:2      | Reached XP level 4. HP: 36/36 MP: 4/4
  1453 | D:2      | Reached XP level 5. HP: 36/42 MP: 5/5
  2565 | D:2      | Found a runed door.
  2569 | D:2      | Noticed Crazy Yiuf
  2582 | D:2      | Killed Crazy Yiuf
  2913 | D:3      | Reached XP level 6. HP: 34/48 MP: 6/6
  3054 | D:3      | Found a hazy altar of Hepliaklqana.
  3055 | D:3      | Found a shimmering altar of Xom.
  3055 | D:3      | Noticed a hell beast
  3056 | D:3      | Noticed a hell beast
  3056 | D:3      | Noticed a spectral ugly thing
  3102 | D:3      | Noticed Grinder
  3105 | D:3      | Paralysed by Grinder for 3 turns
  3109 | D:3      | Killed Grinder
  3140 | D:3      | Found a radiant altar of Vehumet.
  3399 | D:3      | Reached skill level 5 in Unarmed Combat
  3819 | D:4      | Gained mutation: You have a pair of small horns on your head. [demonic ancestry]
  3819 | D:4      | Reached XP level 7. HP: 24/55 MP: 7/7
  4083 | D:4      | Found a stormy altar of Qazlal.
  4138 | D:4      | Noticed Edmund
  4146 | D:4      | Killed Edmund
  4169 | D:4      | Found Lodia's Antique Armour Shop.
  4223 | D:4      | Found a deep blue altar of Sif Muna.
  4250 | D:4      | Found a staircase to the Ecumenical Temple.
  4302 | D:4      | Became a worshipper of Sif Muna the Loreminder
  4302 | D:4      | Reached * piety under Sif Muna
  4302 | D:4      | Reached ** piety under Sif Muna
  4537 | D:4      | Noticed Amaterasu's ghost (amateur DrTm)
  4544 | D:4      | Killed Amaterasu's ghost
  4899 | D:5      | Entered Level 5 of the Dungeon
  4925 | D:5      | Noticed Eustachio
  4935 | D:5      | Killed Eustachio
  4935 | D:5      | Reached skill level 1 in Spellcasting
  4997 | D:5      | Noticed Ijyb
  5013 | D:5      | Killed Ijyb
  5077 | D:5      | Reached skill level 5 in Fighting
  5206 | D:5      | Gained mutation: You regenerate a little health from kills. [demonic ancestry]
  5206 | D:5      | Reached XP level 8. HP: 59/62 MP: 10/10
  5277 | D:5      | Found an ancient bone altar of Kikubaaqudgha.
  5296 | D:5      | Noticed Miyamura's ghost (novice DsMo)
  5309 | D:5      | Killed Miyamura's ghost
  5385 | D:5      | Reached skill level 5 in Dodging
  5826 | D:5      | Reached skill level 5 in Stealth
  6357 | D:6      | Found Fane's Antique Weapon Shop.
  6360 | D:6      | Found an ornate altar of the Wu Jian Council.
  6439 | D:4      | Bought a twisted cloak for 256 gold pieces
  6449 | D:4      | Identified the +0 cloak of Xumere {rC+} (You bought it in a shop on level 4 of the Dungeon)
  6726 | D:6      | Found a basalt altar of Yredelemnul.
  6752 | D:6      | Reached XP level 9. HP: 59/69 MP: 13/13
  6757 | D:6      | Noticed Prince Ribbit
  6766 | D:6      | Killed Prince Ribbit
  6866 | D:6      | Found Surunoowy's Gadget Boutique.
  6911 | D:6      | Found Cuprum's Antique Armour Shop.
  7080 | D:6      | Found Fin Ollo's Book Emporium.
  7103 | D:6      | Found Lejeiri's Magic Scroll Emporium.
  7435 | D:7      | You fall through a shaft!
  7617 | D:8      | Noticed Zhenya24pyc's ghost (novice GrFi)
  7628 | D:8      | Killed Zhenya24pyc's ghost
  7629 | D:8      | Found a staircase to the Lair.
  7630 | D:8      | Noticed Psyche
  7640 | D:8      | Killed Psyche
  7967 | D:8      | Noticed Grum
  7980 | D:8      | Killed Grum
  8126 | D:7      | Found a shattered altar of Ashenzari.
  8126 | D:7      | Found an iron altar of Okawaru.
  8126 | D:7      | Found a white marble altar of Elyvilon.
  8309 | D:7      | Found a glowing silver altar of Zin.
  8315 | D:7      | Noticed Duvessa
  8317 | D:7      | Noticed Dowan
  8347 | D:7      | Noticed an orc sorcerer
  8348 | D:7      | Noticed a wizard
  8357 | D:7      | Noticed a wizard
  8362 | D:7      | Noticed an orc sorcerer
  8370 | D:7      | Noticed an ice devil
  8375 | D:7      | Killed an orc sorcerer
  8476 | D:7      | Paralysed by an orc sorcerer for 3 turns
  8476 | D:7      | Killed an orc sorcerer
  8476 | D:7      | Gained mutation: You are mostly covered in iridescent scales. (AC +4) [demonic ancestry]
  8476 | D:7      | Reached XP level 10. HP: 32/79 MP: 15/17
  8513 | D:7      | Killed a wizard
  8742 | D:7      | Learned a level 2 spell: Blink
  8856 | D:7      | Killed a wizard
  8856 | D:7      | Reached skill level 5 in Spellcasting
  8856 | D:7      | Reached skill level 1 in Translocations
  9256 | D:7      | Killed Dowan
  9273 | D:7      | Killed Duvessa
  9553 | D:9      | Reached *** piety under Sif Muna
  9882 | D:9      | Noticed Erica
  9916 | D:9      | HP: 3/79 [poisoned by Erica (bolt of poison)]
  9922 | D:9      | HP: 2/79 [poisoned by Erica (bolt of poison)]
  9930 | D:9      | HP: 2/79 [poisoned by Erica (bolt of poison)]
 10262 | D:9      | Killed Erica
 10675 | D:9      | Found an opulent altar of Gozag.
 10759 | D:9      | Noticed a moth of wrath
 10762 | D:9      | Found a bloodstained altar of Trog.
 10827 | D:10     | Entered Level 10 of the Dungeon
 11073 | D:10     | Found a staircase to the Orcish Mines.
 11190 | D:10     | Noticed Snorg
 11200 | D:10     | Mangled by Snorg

Skill      XL: |  1  2  3  4  5  6  7  8  9 10 |
---------------+-------------------------------+-----
Stealth        | 2 3 4 5 6 7 |  7.3
Unarmed Combat | 3 4 5 6 7 |  7.8
Dodging        | 3 4 5 6 7 |  7.1
Fighting       | 4 5 6 7 |  7.7
Spellcasting   | 1 3 4 5 |  5.4
Translocations | 2 |  2.2

Action                   |  1- 3 |  4- 6 |  7- 9 | 10-12 || total
-------------------------+-------+-------+-------+-------++-------
Melee: Unarmed           |    72 |   330 |   373 |   200 ||   975
       Punch             |     1 |     4 |    15 |     7 ||    27
       Headbutt          |       |       |    84 |    46 ||   130
Evoke: Wand              |       |     1 |     6 |     2 ||     9
  Use: Potion            |       |     1 |       |     4 ||     5
       Scroll            |       |       |    14 |     4 ||    18
 Stab: Sleeping          |     7 |     4 |     6 |     1 ||    18
       Distracted        |       |       |     2 |     2 ||     4
  Eat: Chunk             |     1 |     9 |    16 |     5 ||    31
       Ration            |       |       |       |     1 ||     1
Armor: Robe              |    11 |    92 |    34 |       ||   137
       Ring mail         |       |       |    81 |    93 ||   174
       Skin              |       |       |       |    22 ||    22
Dodge: Dodged            |    46 |   275 |   228 |   137 ||   686
